 Dungeon Crawl Stone Soup version 0.31.0-9-g3a7656b989 (webtiles) character file.

Game seed: 2159343654950082607

55 Peloso the Shield-Bearer (level 3, -8/33 HPs)
             Began as a Minotaur Fighter on Jan 25, 2024.
             Killed by divine providence
             ... invoked by an orc priest
              (11 damage)
             ... on level 3 of the Dungeon.
             The game lasted 00:04:16 (1756 turns).

Peloso the Shield-Bearer (Minotaur Fighter)         Turns: 1756, Time: 00:04:17

Health: -8/33      AC:  8    Str: 20    XL:     3   Next: 67%
Magic:  2/2        EV:  9    Int:  5    God:
Gold:   56         SH:  4    Dex: 11    Spells: 2/2 levels left

rFire   . . .        a - +0 long sword
rCold   . . .        d - +0 buckler
rNeg    . . .        b - +0 scale mail
rPois   .            (helmet restricted)
rElec   .            (no cloak)
rCorr   .            c - +0 pair of gloves
SInv    .            (no boots)
Will    .....        (no amulet) Stlth
                     (no ring)
HPRegen 0.25/turn    (no ring)
MPRegen 0.08/turn

%: no passive effects
@: brilliant, hasted, very quick
A: horns 2, retaliatory headbutt
a: no special abilities


You were on level 3 of the Dungeon.
You visited 1 branch of the dungeon, and saw 3 of its levels.

You collected 56 gold pieces.

Inventory:

Hand Weapons
 a - a +0 long sword (weapon)
Armour
 b - a +0 scale mail (worn)
 c - a +0 pair of gloves (worn)
 d - a +0 buckler (worn)
Scrolls
 f - 2 scrolls of revelation
 g - a scroll of poison {unknown}
 j - 2 scrolls of identify
 k - a scroll of blinking {unknown}
Potions
 e - a potion of might


   Skills:
 + Level 4.1 Fighting
 + Level 3.2 Long Blades
 + Level 4.2 Armour
 + Level 0.1 Dodging
 + Level 4.2 Shields


You had 2 spell levels left.
You didn't know any spells.
Your spell library contained the following spells:

 Spells                   Type           Power      Damage    Failure   Level
 Summon Small Mammal      Summ           0%         N/A       88%         1
 Call Canine Familiar     Summ           0%         N/A       99%         3
 Gell's Gravitas          Tloc           0%         N/A       99%         3
 Teleport Other           Tloc           0%         N/A       99%         3
 Summon Blazeheart Golem  Fire/Summ      0%         N/A       100%        4
 Dispersal                Tloc           0%         N/A       100%        6


Dungeon Overview and Level Annotations

Branches:
Dungeon (3/15)

Altars:


Innate Abilities, Weirdness & Mutations

You have a pair of horns on your head.
You reflexively headbutt those who attack you in melee.


Message History

A kobold comes into view. It is wielding a +0 whip.
The kobold shouts!
A kobold is nearby!
An orc wizard comes into view. It is wielding a +0 dagger.
The orc wizard gestures at you while chanting.
You resist with significant effort.
An orc comes into view. It is wielding a +0 war axe.
The orc shouts!
You hear a shout!
A bat comes into view.
The bat moves out of view.
An orc priest comes into view. It is wielding a +3 trident.
The orc priest shouts!
You block the kobold's attack.
The orc priest calls down the wrath of Beogh upon you.
Beogh smites you! The bat barely misses you. You block the kobold's attack.
Unknown command.
The bat hits you but does no damage. The kobold hits you with a +0 whip.
The bat barely misses you. You furiously retaliate!
You headbutt the bat!
You kill the bat!
The orc wizard gestures wildly while chanting.
The orc wizard flickers and vanishes!
Deactivating autopickup; reactivate with Ctrl-A.
The orc priest calls down the wrath of Beogh upon you.
Beogh smites you!
* * * LOW HITPOINT WARNING * * *
The kobold hits you but does no damage.
You hit the kobold.
The kobold is severely wounded.
The kobold hits you with a +0 whip.
* * * LOW HITPOINT WARNING * * *
The kobold hits you with a +0 whip.
* * * LOW HITPOINT WARNING * * *
It was a potion of brilliance.
You feel clever all of a sudden. You block the kobold's attack.
It was a potion of haste.
You feel yourself speed up.
The orc priest calls down the wrath of Beogh upon you.
Beogh smites you!
You die...

######...........#..
....................
....................
......o.............
......###o#.......##
..... #{#.......#
.... #o#.#####.# ###
#K#.# # #@#.#####.#
###.#.......# #
###...#........ .
#...###.####### .
#...#..........
###.......)..####
#...#........#
#...#........#
#...#........# #.


You could see an orc priest, an orc and a kobold.

Vanquished Creatures
  2 adders
  A dart slug (D:1)
  4 endoplasms
  5 goblins (D:1)
  2 hobgoblins (D:2)
  5 kobolds
  2 quokkas
  3 ball pythons
  2 bats
  3 frilled lizards
  5 rats
34 creatures vanquished.

Notes
Turn   | Place    | Note
-------+----------+-------------------------------------------
     0 | D:1      | Peloso the Minotaur Fighter began the quest for the Orb.
     0 | D:1      | Reached XP level 1. HP: 19/19 MP: 0/0
   221 | D:1      | Reached XP level 2. HP: 27/27 MP: 1/1
  1118 | D:2      | Reached XP level 3. HP: 33/33 MP: 2/2
  1696 | D:3      | Identified the +6 quarterstaff "Minotaur's Regret" {pain,
                  | ^Contam *Noise rF+++ SInv}
  1756 | D:3      | Killed from afar by an orc priest

Illustrated notes

Levels and vault maps discovered:
D:1:      dpeg_chamrin_arrival_tetris, layout_loops_ring
D:2:      layout_basic
D:3:      layout_basic, minmay_three_crescents

Skill      XL: |  1  2  3 |
---------------+----------+-----
Fighting       | 4 |  4.1
Armour         | 4 |  4.2
Shields        | 4 |  4.2
Long Blades    | 3 |  3.2
Dodging        | |  0.1

Action                     || total
---------------------------++-------
  Melee: Long sword        ||    69
         Headbutt          ||     8
    Use: Scroll            ||     3
         Potion            ||     2
 Armour: Scale mail        ||    48
  Dodge: Dodged            ||    32
  Block: Buckler           ||    21
